 Dungeon Crawl Stone Soup version 0.28.0 (webtiles) character file.

Game seed: 9330717687646043091

1869 GrayStillPlays the Ducker (level 8, 0/58 (61) HPs)
             Began as a Demonspawn Transmuter on Feb 14, 2022.
             Slain by a brown ugly thing (5 damage)
             ... on level 6 of the Dungeon.
             The game lasted 00:19:00 (7141 turns).

GrayStillPlays the Ducker (Demonspawn Transmuter)   Turns: 7141, Time: 00:19:00

HP:   0/58 (61)     AC:  1    Str: 10    XL:     8   Next: 90%
MP:   0/15          EV: 19    Int: 21    God:
Gold: 288           SH:  0    Dex: 21    Spells: 12/16 levels left

rFire   + . .      SeeInvis .   o - +7 hunting sling of Noowel {freeze, Will+ Int+5 Dex+6, sling}
rCold   . . .      Faith    .   (no shield)
rNeg    . . .      Spirit   +   O - +3 leather armour {rF+}
rPois   .          Reflect  .   i - +0 helmet
rElec   .          Harm     .   (no cloak)
rCorr   .          Rampage  .   (no gloves)
Will    +....                   (no boots)
Stlth   ++........              m - amulet of guardian spirit
HPRegen 0.19/turn               (no ring)
MPRegen 0.14/turn               (no ring)

@: agile, corroded, lightly drained
A: hooves 2, icy blue scales 1, powered by pain 2
a: no special abilities


You were on level 6 of the Dungeon.
You visited 1 branch of the dungeon, and saw 6 of its levels.
You also visited: Ossuary.

You collected 288 gold pieces.


Innate Abilities, Weirdness & Mutations

You have hoof-like feet.
You are partially covered in icy blue scales. (AC +2)
You sometimes gain power by taking damage.


   Skills:
 + Level 4.8 Fighting
 + Level 4.8 Dodging
 - Level 4.1 Unarmed Combat
 + Level 4.8 Spellcasting
 + Level 4.8 Transmutations
 * Level 4.3 Ice Magic


You had 12 spell levels left.
You knew the following spells:

 Your Spells              Type           Power      Damage    Failure   Level
a - Beastly Appendage     Tmut           50%        N/A       1%          1
b - Ozocubu's Armour      Ice            23%        N/A       8%          3

Your spell library contained the following spells:

 Spells                   Type           Power      Damage    Failure   Level
 Wereblood                Tmut           25%        N/A       3%          2
 Ensorcelled Hibernation  Hex/Ice        28%        N/A       10%         2
 Spider Form              Tmut/Pois      15%        N/A       17%         3
 Ice Form                 Ice/Tmut       24%        N/A       22%         4
 Anguish                  Hex/Necr       2%         N/A       83%         4
 Metabolic Englaciation   Hex/Ice        7%         N/A       86%         5
 Simulacrum               Ice/Necr       7%         N/A       100%        6

Inventory:

Hand Weapons
 b - a +0 dagger {short}
   (You took it off a kobold on level 1 of the Dungeon)
 d - a +0 spear {polearm}
   (You took it off a gnoll on level 1 of the Dungeon)
 e - a +0 short sword {short}
   (You found it on level 1 of the Dungeon)
 h - a +0 dagger {short}
   (You found it on level 1 of the Dungeon)
 o - the +7 hunting sling of Noowel (weapon) {freeze, Will+ Int+5 Dex+6, sling}
   (You found it on level 3 of the Dungeon)

   Any ammunition fired from it freezes those it strikes, dealing additional
   cold damage.
   It can also slow down cold-blooded creatures.
   Int:       It affects your intelligence (+5).
   Dex:       It affects your dexterity (+6).
   Will:      It increases your willpower.
Missiles
 c - 108 stones {throwing}
 p - 20 sling bullets (quivered ammo)
 q - 70 arrows
 s - 3 poisoned darts {throwing}
 H - 17 bolts
Armour
 i - a +0 helmet (worn)
   (You took it off Robin on level 2 of the Dungeon)
 k - a +1 robe of cold resistance
   (You took it off a goblin on level 2 of the Dungeon)
 x - a +4 scale mail of willpower
   (You took it off Ijyb on level 4 of the Dungeon)
 G - a +2 robe of fire resistance
   (You took it off Dowan on level 6 of the Dungeon)
 O - a +3 leather armour of fire resistance (worn)
   (You took it off Duvessa on level 6 of the Dungeon)
Jewellery
 m - an amulet of guardian spirit (around neck)
   (You found it on level 2 of the Dungeon)
Wands
 w - a wand of mindburst (18)
   (You took it off Ijyb on level 4 of the Dungeon)
 y - a wand of paralysis (8)
   (You found it on level 4 of the Dungeon)
Scrolls
 a - a scroll of torment {unknown}
 g - 2 scrolls of immolation {unknown}
 v - a scroll of vulnerability {unknown}
 A - a scroll of fog {unknown}
 B - 5 scrolls of teleportation {unknown}
 C - 6 scrolls of identify {unknown}
 E - a scroll of acquirement {unknown}
 F - a scroll of blinking {unknown}
 J - a scroll of holy word {unknown}
 K - 2 scrolls of magic mapping {unknown}
 L - 2 scrolls of amnesia {unknown}
Potions
 f - 4 potions of cancellation {unknown}
 j - a potion of experience {unknown}
 l - a potion of ambrosia {unknown}
 n - 3 potions of curing {unknown}
 r - 4 potions of degeneration {unknown}
 t - a potion of might {unknown}
 u - 5 potions of attraction {unknown}
 z - a potion of magic {unknown}
 D - a potion of berserk rage {unknown}
 I - 2 potions of brilliance {unknown}
 M - 2 potions of mutation {unknown}
 N - a potion of lignification {unknown}

Dungeon Overview and Level Annotations

Branches:
Dungeon (6/15)            Ossuary (visited)
 Temple: D:4-7

Altars:
Dithmenos
Elyvilon
Ru
Wu Jian
Zin

Shops:
D:3 ([([

Annotations:
D:4 1 runed translucent door, Crazy Yiuf

...#....[........##..####.#
######.....##.............#
######.########.###.....###
...#...# #.###.#.....# ##...###
#..#..#.....# .......###
##.#.##.....#
.........#######[..#......#
......##......##......##.##
...............u@......)..#######
##########..###..#..#)##........#
#≈≈≈≈≈≈≈≈≈≈≈≈≈###.>.....#
#≈≈≈≈≈≈≈≈≈≈≈≈≈# #.......#
..≈≈≈≈≈≈≈≈≈≈≈≈≈###..[....#
#.#≈≈≈≈≈≈≈≈≈≈≈≈≈....####..#
....≈≈≈≈≈≈≈≈≈≈≈≈≈.....####.#
###.≈≈≈≈≈...≈≈≈≈≈......###.#
##≈≈≈≈≈...≈)≈≈≈...........


You could see a brown ugly thing.


Message History

You continue putting on your amulet of guardian spirit. x5
You finish putting on your amulet of guardian spirit.
You feel your power drawn to a protective spirit.
m - an amulet of guardian spirit (around neck) 😮 HP[+1]
The iguana hisses angrily.
The iguana hisses menacingly.
p - 17 sling bullets (gained 1)
q - 70 arrows (gained 18)
p - 18 sling bullets (gained 1)
p - 19 sling bullets (gained 1)
p - 20 sling bullets (gained 1)
p - 24 sling bullets (gained 4)
p - 25 sling bullets (gained 1)
p - 26 sling bullets (gained 1)
An iguana comes into view. 😎 HP[+23]
Your hp is fully restored (57).
You shoot a sling bullet. The sling bullet hits the iguana!
The iguana seems to slow down.
The sling bullet freezes the iguana.
You shoot a sling bullet.
The sling bullet barely misses the iguana.
You shoot a sling bullet. The sling bullet hits the iguana.
The iguana seems to slow down.
The sling bullet freezes the iguana.
You shoot a sling bullet.
The sling bullet closely misses the iguana.
You shoot a sling bullet. The sling bullet hits the iguana!
The sling bullet freezes the iguana.
You kill the iguana!
You now have 58 max hp (+1).
Found a stone staircase leading down. 😎 HP[+1]
Your hp is fully restored (58).
p - 22 sling bullets (gained 1)
You see here a +0 leather armour.
p - 23 sling bullets (gained 1)
p - 24 sling bullets (gained 1)
p - 26 sling bullets (gained 2)
a - a scroll labelled ZYUMUI QEOCI You now have 288 gold pieces (gained 17).
A brown ugly thing comes into view.
You shoot a sling bullet.
The sling bullet hits the brown ugly thing.
The sling bullet freezes the brown ugly thing.
You shoot a sling bullet.
The sling bullet closely misses the brown ugly thing.
You shoot a sling bullet.
The sling bullet hits the brown ugly thing!
The sling bullet freezes the brown ugly thing.
You shoot a sling bullet.
The sling bullet hits the brown ugly thing.
The sling bullet freezes the brown ugly thing.
You shoot a sling bullet.
The sling bullet hits the brown ugly thing.
The sling bullet freezes the brown ugly thing.
The brown ugly thing misses you.
You shoot a sling bullet.
The sling bullet hits the brown ugly thing.
The sling bullet freezes the brown ugly thing.
The brown ugly thing bites you. The acid corrodes you!
You are splashed with acid!
The brown ugly thing bites you. The acid corrodes you!
You are splashed with acid! 😮 HP[-24] MP[-6]
You take 24 damage, and now have 34/58 hp.
MASSIVE DAMAGE!! (PAUSE)
You lost 6 mp, and now have 9/15 mp. 😮 HP[+1] 😮 MP[+1]
The brown ugly thing bites you!
* * * LOW HITPOINT WARNING * * *
You focus on the pain.
You feel agile all of a sudden.
You are splashed with acid.
* * * LOW HITPOINT WARNING * * *
😨 HP[-15] MP[-4]
You take 15 damage, and now have 20/58 hp.
MASSIVE DAMAGE!! (PAUSE)
You lost 4 mp, and now have 6/15 mp. 😨 HP[+1] MP[+1] 😨 HP[+1]
The brown ugly thing bites you!
* * * LOW HITPOINT WARNING * * *
You are splashed with acid!
* * * LOW HITPOINT WARNING * * *
😱 HP[-17] MP[-6]
You take 17 damage, and now have 5/58 hp.
MASSIVE DAMAGE!! (PAUSE)
You lost 6 mp, and now have 1/15 mp.
Aiming: Paralyse
Press: ? - help, Q - select action, (/) - cycle Shift-Dir - straight line, f/p - brown ugly thing
Aim: a brown ugly thing (heavily wounded, chance to affect: 31%)
The brown ugly thing easily resists.
The brown ugly thing barely misses you. 😱 MP[+1]
Aiming: Paralyse
Press: ? - help, Q - select action, (/) - cycle Shift-Dir - straight line, f/p - brown ugly thing
Aim: a brown ugly thing (heavily wounded, chance to affect: 31%)
The brown ugly thing easily resists.
The brown ugly thing bites you!
You die...

Skill      XL: |  1  2  3  4  5  6  7  8 |
---------------+-------------------------+-----
Dodging        | 2 3 4 |  4.8
Transmutations | 2 3 4 |  4.8
Unarmed Combat | 3 4 |  4.1
Fighting       | 2 3 4 |  4.8
Spellcasting   | 3 4 |  4.8
Ice Magic      | 2 4 |  4.3

Action                   |  1- 3 |  4- 6 |  7- 9 || total
-------------------------+-------+-------+-------++-------
Melee: Unarmed           |   108 |    50 |       ||   158
       Kick              |    28 |    14 |     1 ||    43
       Headbutt          |    15 |     5 |       ||    20
       Punch             |     1 |     3 |       ||     4
       Hunting sling     |       |       |     4 ||     4
 Fire: Hunting sling     |       |    69 |   182 ||   251
 Cast: Beastly Appendage |    21 |    16 |       ||    37
       Ozocubu's Armour  |       |       |     2 ||     2
Evoke: Wand              |       |       |     5 ||     5
 Stab: Sleeping          |       |     1 |       ||     1
Armor: Robe              |    21 |    15 |    14 ||    50
Dodge: Dodged            |    81 |    44 |    56 ||   181

Levels and vault maps discovered:
D:1:      heliophobic_arrival_battle_scene, layout_basic
D:2:      layout_loops_ring, uniq_robin
D:3:      layout_loops_cross, nicolae_ru_path_of_blood, zin_academy,
          dreamdust_ecumenical_altar_drowned_temple, serial_shops,
          nicolae_shop_waterfront, shop_fountains, nicolae_shop_crystal,
          nicolae_shop_advertising_works [nicolae_subvault_shop_adworks]
D:4:      minmay_octagon_keep, layout_basic, kennysheep_little_box,
          mainiacjoe_overflow_chevrons, uniq_ijyb, uniq_crazy_yiuf_cottage,
          uniq_sigmund
D:5:      layout_basic, general_overflow_altar, serial_bayou,
          serial_bayou_shore_b, serial_bayou_pond_a, serial_bayou_lake_a,
          serial_bayou_lagoon_b, kennysheep_generic_room_15, uniq_grinder
D:6:      nicolae_whirlpool, layout_rooms, nicolae_ossuary_entry_ruins,
          uniq_prince_ribbit1, uniq_duvessa

Notes
Turn   | Place    | Note
-------+----------+-------------------------------------------
     0 | D:1      | GrayStillPlays the Demonspawn Transmuter began the quest
                  | for the Orb.
     0 | D:1      | Reached XP level 1. HP: 15/15 MP: 3/3
     0 | D:1      | magus.rc [v1.9.6]
    94 | D:1      | Reached skill level 2 in Dodging
    94 | D:1      | Reached skill level 2 in Transmutations
    94 | D:1      | Lost mutation: You have razor-sharp toenails. [demonic
                  | ancestry]
    94 | D:1      | Lost mutation: You have sharp toenails. [demonic ancestry]
    94 | D:1      | Gained mutation: You have large cloven feet. [demonic
                  | ancestry]
    94 | D:1      | Reached XP level 2. HP: 21/21 MP: 3/5
   879 | D:1      | Reached XP level 3. HP: 19/26 MP: 6/6
  1279 | D:2      | Reached skill level 3 in Unarmed Combat
  1621 | D:2      | Noticed Robin
  1640 | D:2      | Killed Robin
  1936 | D:2      | Gained mutation: You are partially covered in icy blue
                  | scales. (AC +2) [demonic ancestry]
  1936 | D:2      | Reached XP level 4. HP: 30/33 MP: 5/7
  2591 | D:3      | Reached skill level 2 in Fighting
  2661 | D:3      | Found Ischus's Armour Boutique.
  2671 | D:3      | Identified the +7 hunting sling of Noowel {freeze, Will+
                  | Int+5 Dex+6}
  2726 | D:3      | Found a sacrificial altar of Ru.
  2874 | D:3      | Found a faded altar of an unknown god.
  2984 | D:3      | Found Soof's Antique Weapon Boutique.
  3041 | D:3      | Found Idugeg's Antique Weapon Shop.
  3100 | D:3      | Found Qaogor's Armour Shop.
  3563 | D:4      | Noticed Ijyb
  3564 | D:4      | Noticed a necrophage
  3565 | D:4      | Gained mutation: You have hoof-like feet. [demonic
                  | ancestry]
  3565 | D:4      | Reached XP level 5. HP: 38/38 MP: 9/9
  3606 | D:3      | Killed a necrophage
  3607 | D:3      | Reached skill level 3 in Spellcasting
  3633 | D:4      | Killed Ijyb
  3634 | D:4      | Reached skill level 3 in Dodging
  3856 | D:4      | Reached XP level 6. HP: 46/46 MP: 10/10
  3860 | D:4      | Reached skill level 3 in Transmutations
  3879 | D:4      | Noticed Sigmund
  3890 | D:4      | Killed Sigmund
  3891 | D:4      | Reached skill level 3 in Fighting
  3970 | D:4      | Reached skill level 4 in Unarmed Combat
  3970 | D:4      | Gained mutation: You sometimes gain a little power by
                  | taking damage. [demonic ancestry]
  3970 | D:4      | Reached XP level 7. HP: 52/52 MP: 12/12
  4020 | D:4      | Found a shadowy altar of Dithmenos.
  4123 | D:4      | You pick up a book of Winter and begin reading...
  4123 | D:4      | You add the spells Ozocubu's Armour, Metabolic Englaciation
                  | and Simulacrum to your library.
  4128 | D:4      | Learned a level 3 spell: Ozocubu's Armour
  4338 | D:4      | Found the dreamshard necklace {*Dream Drain}
  4345 | D:4      | Reached skill level 1 in Ice Magic
  4482 | D:4      | Found a runed translucent door.
  4483 | D:4      | Noticed Crazy Yiuf
  4735 | D:5      | Entered Level 5 of the Dungeon
  5122 | D:5      | Reached skill level 4 in Spellcasting
  5125 | D:5      | Reached skill level 2 in Ice Magic
  5257 | D:5      | Noticed Grinder
  5264 | D:5      | Killed Grinder
  5265 | D:5      | Reached skill level 4 in Fighting
  5265 | D:5      | Reached skill level 4 in Dodging
  5265 | D:5      | Reached skill level 4 in Transmutations
  5265 | D:5      | Gained mutation: You sometimes gain power by taking damage.
                  | [demonic ancestry]
  5265 | D:5      | Reached XP level 8. HP: 50/60 MP: 14/14
  5551 | D:5      | You pick up a book of Dreams and begin reading...
  5551 | D:5      | You add the spells Ensorcelled Hibernation and Anguish to
                  | your library.
  5704 | D:5      | Found an ornate altar of the Wu Jian Council.
  6066 | D:6      | Reached skill level 3 in Ice Magic
  6068 | D:6      | Found a sand-covered staircase.
  6100 | D:6      | Noticed Dowan
  6110 | Ossuary  | Entered an ossuary
  6795 | D:6      | Noticed Duvessa
  6814 | D:6      | HP: 10/50 [Duvessa (9)]
  6817 | D:6      | Killed Duvessa
  6818 | D:6      | Reached skill level 4 in Ice Magic
  6838 | D:6      | Killed Dowan
  7112 | D:6      | Noticed a brown ugly thing
  7139 | D:6      | HP: 12/58 [brown ugly thing (10)]
  7139 | D:6      | HP: 5/58 [acid (7)]
  7141 | D:6      | Slain by a brown ugly thing

Vanquished Creatures
  Grinder (D:5)
  Sigmund (D:4)
  A wraith (Ossuary)
  Duvessa (D:6)
  2 necrophages
  An ogre (D:4)
  A centaur (D:6)
  A scorpion (D:6)
  A centaur zombie (D:6)
  4 hounds
  A jelly (D:5)
  An orc priest (D:5)
  Ijyb (D:4)
  4 iguanas
  4 orc wizards (D:5)
  A hound skeleton (D:4)
  3 mummies (Ossuary)
  Robin (D:2)
  5 gnolls
  6 adders
  An ufetubus (D:5)
  2 worms (D:2)
  5 dart slugs
  11 orcs
  5 bats
  9 endoplasms
  7 giant cockroaches
  15 goblins
  17 hobgoblins
  5 quokkas
  7 ball pythons
  2 goblin zombies (Ossuary)
  8 kobolds
  3 kobold zombies (Ossuary)
  7 rats
  A spectral kobold (D:3)
146 creatures vanquished.

Vanquished Creatures (collateral kills)
  A bullfrog (D:6)
  Dowan (D:6)
2 creatures vanquished.

Vanquished Creatures (others)
  37 plants (D:5)
37 creatures vanquished.

Grand Total: 185 creatures vanquished

Table legend:
 A = Non-vault XP
 B = Vault XP
 C = Vault XP percentage of total XP
 D = Non-vault monster count
 E = Vault monster count
 F = Vault count percentage of total count
                 A         B        C        D         E       F
            +---------+---------+-------+---------+---------+-------
      Total |    1313 |    1357 |  50.8 |     104 |      44 |  29.7
            +---------+---------+-------+---------+---------+-------
        D:1 |      53 |       0 |   0.0 |      23 |       0 |   0.0
        D:2 |      37 |      36 |  49.3 |      17 |      12 |  41.4
        D:3 |     186 |       1 |   0.5 |      20 |       1 |   4.8
        D:4 |     293 |     435 |  59.8 |      16 |      17 |  51.5
        D:5 |     403 |     289 |  41.8 |      22 |       2 |   8.3
        D:6 |     341 |     317 |  48.2 |       6 |       3 |  33.3
    Ossuary |       0 |     279 | 100.0 |       0 |       9 | 100.0
            +---------+---------+-------+---------+---------+-------

Illustrated notes

Table legend:
 A = Kills in this place as a percentage of kills in entire the game.
 B = Kills by you in this place as a percentage of kills by you in the entire game.
 C = Kills by friends in this place as a percentage of kills by friends in the entire game.
 D = Other kills in this place as a percentage of other kills in the entire game.
 E = Experience gained in this place as a percentage of experience gained in the entire game.
 F = Experience gained in this place divided by the number of levels of this place that you have seen.
                   A       B       C       D       E      F
               +-------+-------+-------+-------+-------+----------------------
         Total | 100.0 | 100.0 | 100.0 |   N/A | 100.0 | 381.4
       Dungeon |  93.9 |  93.8 | 100.0 |   N/A |  89.6 | 398.5
       Ossuary |   6.1 |   6.2 |   0.0 |   N/A |  10.4 | 279.0
               +-------+-------+-------+-------+-------+----------------------

Table legend: (Time is in decaauts)
 A = Elapsed time spent in this place.
 B = Non-inter-level travel time spent in this place.
 C = Inter-level travel time spent in this place.
 D = Time resting spent in this place.
 E = Time spent auto-exploring this place.
 F = Levels seen in this place.
 G = Mean time per level.
                   A        B        C        D        E       F      G
               +--------+--------+--------+--------+--------+-----+--------+
         Total |   7241 |   7004 |    237 |    416 |   5328 |   7 | 1034.4 |
       Dungeon |   6640 |   6403 |    237 |    272 |   5021 |   6 | 1106.7 |
       Ossuary |    600 |    600 |      0 |    144 |    307 |   1 |  600.0 |
               +--------+--------+--------+--------+--------+-----+--------+

Top non-repeatable levels by time:
     D:1: 1419 daAuts
     D:4: 1336 daAuts
     D:5: 1274 daAuts
     D:2: 1159 daAuts
     D:3: 948 daAuts
 Ossuary: 600 daAuts
     D:6: 503 daAuts
